AoeStats
← 378080739

Arena

510344495Analyzed
4v4 RM · 14h ago on Sep 30, 2026· 49m 4s· 8 players
Game mode
Random Map
Map size
Large (8 player)
Population
200
Speed
Normal
Resources
Standard
Victory
Conquest
Starting age
Dark Age
Ending age
Imperial Age
RankedLock teamsTeams togetherTeam positionsShared explorationLock speedFull tech treeHidden civsTurbo modeCheats
Victory
Defeat
🇫🇷 Japanese · France
1205
+12
🇹🇷 Bohemians · Türkiye
1167
+14
🇩🇪 Burmese · Germany
1117
+16
🇸🇰 Hindustanis · Slovakia
1105
+16
🇨🇳 Mongols · China
1218
-19
🇨🇳 Britons · China
1103
-14
🇲🇽 Spanish · Mexico
1075
-13
🇨🇳 Khmer · China
1050
-12
Kebab do ruky
10:37 Feudal Age
15:39 Castle Age
18:42 Wheelbarrow
19:04 Horse Collar
19:44 Loom
22:16 Heavy Plow
24:54 Double-Bit Axe
27:31 Fletching
27:59 Bow Saw
31:00 Imperial Age
29:17 Hand Cart
28:50 Town Watch
28:48 Elite Skirmisher
29:31 Bodkin Arrow
30:42 Thumb Ring
31:08 Grand Trunk Road
31:35 Padded Archer Armor
32:07 Ballistics
32:44 Leather Archer Armor
32:30 Bracer
33:21 Forging
33:17 Scale Barding Armor
33:38 Town Patrol
34:13 Conscription
36:52 Chemistry
35:58 Siege Engineers
35:48 Murder Holes
35:45 Light Cavalry
36:36 Bloodlines
36:32 Caravan
37:04 Ring Archer Armor
36:55 Chain Barding Armor
39:18 Iron Casting
38:49 Husbandry
40:08 Plate Barding Armor
39:26 Heavy Camel Rider
40:02 Siege Elephant
43:24 Blast Furnace
42:02 Imperial Camel Rider
43:07 Hussar
45:50 Scale Mail Armor
46:06 Masonry
46:00 Squires
45:21 Man-at-Arms
45:21 Pikeman
45:47 Arson
46:46 Shatagni
47:31 Crossbowman
M.S.
12:02 Feudal Age
16:10 Castle Age
14:33 Horse Collar
14:53 Double-Bit Axe
15:43 Loom
16:35 Wheelbarrow
17:50 Bow Saw
17:55 Heavy Plow
24:15 Fervor
28:28 Imperial Age
25:56 Pikeman
26:37 Squires
26:22 Arson
28:06 Chemistry
28:35 Hand Cart
28:31 Town Watch
28:48 Scale Mail Armor
33:12 Two-Man Saw
34:43 Forging
34:48 Chain Mail Armor
34:35 Padded Archer Armor
34:25 Fletching
34:14 Elite Skirmisher
37:34 Siege Engineers
39:54 Halberdier
41:41 Wagenburg Tactics
43:20 Iron Casting
43:16 Plate Mail Armor
43:01 Leather Archer Armor
42:41 Bodkin Arrow
43:02 Leather Archer Armor
44:27 Elite Hussite Wagon
46:19 Houfnice
49:34 Blast Furnace
DER Grieche
11:23 Feudal Age
15:16 Castle Age
13:10 Horse Collar
23:41 Loom
24:32 Wheelbarrow
23:58 Gold Mining
26:27 Hand Cart
29:44 Imperial Age
28:37 Scale Barding Armor
28:42 Forging
28:59 Husbandry
29:09 Bloodlines
29:40 Chain Barding Armor
30:52 Iron Casting
30:05 Elite Battle Elephant
32:02 Conscription
32:56 Howdah
34:00 Blast Furnace
33:36 Plate Barding Armor
TheAurelSan
11:05 Feudal Age
11:01 Loom
15:59 Castle Age
14:42 Gold Mining
15:12 Double-Bit Axe
16:53 Wheelbarrow
18:48 Fletching
20:23 Crossbowman
27:20 Padded Archer Armor
35:13 Imperial Age
32:52 Pikeman
38:32 Imperial Age
45:12 Arbalester
47:16 Bow Saw
VL Neyten
7:27 Loom
10:01 Feudal Age
15:49 Castle Age
14:16 Stone Mining
15:24 Fletching
15:39 Double-Bit Axe
17:59 Bodkin Arrow
18:38 Bow Saw
18:13 Horse Collar
18:45 Gold Mining
26:39 Fervor
26:51 Sanctity
27:42 Padded Archer Armor
28:52 Heavy Plow
29:07 Bow Saw
29:47 Herbal Medicine
30:12 Leather Archer Armor
34:12 Stone Shaft Mining
34:39 Pikeman
35:20 Squires
39:15 Imperial Age
37:24 Wheelbarrow
36:35 Town Watch
39:37 Scale Mail Armor
39:49 Forging
42:30 Imperial Age
42:00 Hand Cart
42:52 Chain Mail Armor
44:04 Block Printing
44:15 Illumination
44:45 Bloodlines
44:36 Husbandry
378080739
0:27 Loom
11:50 Feudal Age
16:37 Castle Age
14:58 Double-Bit Axe
15:09 Stone Mining
15:44 Gold Mining
15:46 Horse Collar
18:38 Bow Saw
22:43 Heavy Plow
29:56 Imperial Age
29:09 Gold Shaft Mining
29:13 Stone Shaft Mining
30:01 Elite Ballista Elephant
30:42 Double Crossbow
31:09 Conscription
33:05 Wheelbarrow
33:37 Chemistry
36:52 Hand Cart
洋
11:12 Feudal Age
15:45 Castle Age
13:55 Horse Collar
16:31 Double-Bit Axe
25:00 Bow Saw
27:13 Pikeman
27:54 Squires
27:39 Arson
27:40 Gambesons
33:47 Imperial Age
31:06 Crossbowman
31:46 Fletching
31:56 Padded Archer Armor
33:12 Yeomen
33:57 Gold Mining
33:58 Stone Mining
34:11 Heavy Plow
34:30 Treadmill Crane
35:10 Arbalester
36:14 Bodkin Arrow
36:20 Padded Archer Armor
38:01 Chemistry
37:22 Ballistics
37:09 Bracer
46:42 Arrowslits
47:09 Masonry
47:11 Fortified Wall
46:56 Murder Holes
46:28 Capped Ram
爱种点小田
9:22 Feudal Age
10:40 Double-Bit Axe
13:24 Castle Age
11:20 Horse Collar
14:41 Wheelbarrow
14:40 Bow Saw
21:36 Heavy Plow
24:17 Hand Cart
25:31 Gold Mining
25:51 Stone Mining
28:38 Imperial Age
26:17 Loom
27:14 Gold Shaft Mining
26:54 Scale Barding Armor
28:16 Chain Barding Armor
28:30 Husbandry
28:41 Bloodlines
28:50 Forging
29:51 Conscription
28:53 Elite Steppe Lancer
30:26 Iron Casting
32:13 Blast Furnace
33:25 Coinage
33:13 Siege Engineers
34:50 Banking
34:13 Fletching
34:44 Ballistics
35:25 Chemistry
36:13 Bodkin Arrow
36:19 Padded Archer Armor
36:57 Murder Holes
38:46 Bracer
38:13 Elite Mangudai
43:07 Masonry
45:14 Scale Mail Armor
45:29 Leather Archer Armor
45:17 Pikeman
45:58 Squires
45:45 Arson
46:16 Chain Mail Armor
Connection lost

Rejoining the realm…

Still unreachable

The connection could not be restored.

Session expired

The server has moved on; the page needs a fresh start.